 Dungeon Crawl Stone Soup version 0.28-a0-239-g68911e0c57 (webtiles) character file.

Game seed: 2400906151162711547

6 Ballisk the Covered (level 1, 0/20 HPs)
             Began as a Minotaur Fighter on Aug 23, 2021.
             Succumbed to a goblin's poison
             ... on level 1 of the Dungeon.
             The game lasted 00:01:58 (186 turns).

Ballisk the Covered (Minotaur Fighter)               Turns: 186, Time: 00:01:58

Health: 0/20       AC:  7    Str: 20    XL:     1   Next: 75%
Magic:  0/0        EV:  7    Int:  5    God:
Gold:   0          SH:  8    Dex:  9    Spells: 0/0 levels left

rFire   . . .      SeeInvis .   a - +0 war axe
rCold   . . .      Faith    .   c - +0 kite shield
rNeg    . . .      Spirit   .   b - +0 scale mail
rPois   .          Reflect  .   (helmet restricted)
rElec   .          Harm     .   (no cloak)
rCorr   .          Rampage  .   (no gloves)
Will    .....                   (no boots)
Stlth   ..........              (no amulet)
HPRegen 0.06/turn               (no ring)
MPRegen 0.07/turn               (no ring)

@: lethally poisoned (0 -> -8)
A: horns 2, retaliatory headbutt
a: no special abilities


You were on level 1 of the Dungeon.
You visited 1 branch of the dungeon, and saw 1 of its levels.

Inventory:

Hand Weapons
 a - a +0 war axe (weapon)
Armour
 b - a +0 scale mail (worn)
 c - a +0 kite shield (worn)
Scrolls
 e - a scroll of blinking {unknown}
Potions
 d - a potion of might


   Skills:
 + Level 3.7 Fighting
 + Level 2.4 Axes
 + Level 3.8 Armour
 + Level 3.8 Shields


You couldn't memorise any spells.
You didn't know any spells.
Your spell library was empty.

Dungeon Overview and Level Annotations

Branches:
Dungeon (1/15)

Altars:

Shops:
D:1 (


Innate Abilities, Weirdness & Mutations

You have a pair of horns on your head.
You reflexively headbutt those who attack you in melee.


Message History

Found Xeifue's Antique Weapon Shoppe.
There is an entrance to Xeifue's Antique Weapon Shoppe here.
Unknown command.
Unknown command.
There is an entrance to Xeifue's Antique Weapon Shoppe here.
Sorry, you're not good enough to have a special ability.
Unknown command.
You aren't carrying any scrolls.
Okay, then.
There are no items here.
HP restored.
There is an entrance to Xeifue's Antique Weapon Shoppe here.
Found a scroll labelled QUSUXI FOFF.
There is an entrance to Xeifue's Antique Weapon Shoppe here.
e - a scroll labelled QUSUXI FOFF
There is an entrance to Xeifue's Antique Weapon Shoppe here.
There is an entrance to Xeifue's Antique Weapon Shoppe here.
There is an entrance to Xeifue's Antique Weapon Shoppe here.
There is an entrance to Xeifue's Antique Weapon Shoppe here.
A goblin and a hobgoblin come into view.
The goblin is wielding a +2 dagger of venom.
The hobgoblin shouts!
The goblin shouts!
There is an entrance to Xeifue's Antique Weapon Shoppe here.
Nothing quivered!
You barely miss the goblin. Your headbutt misses the goblin.
The goblin hits you with a +2 dagger of venom.
You are poisoned.
You completely miss the goblin. You closely miss the hobgoblin.
You feel very sick. The hobgoblin barely misses you.
The goblin hits you but does no damage.
You are lethally poisoned!
You block the hobgoblin's attack. The goblin hits you but does no damage.
You feel very sick. You block the goblin's attack.
You feel very sick.
* * * LOW HITPOINT WARNING * * *
You feel very sick.
* * * LOW HITPOINT WARNING * * *
You feel sick.
You die... #.........# #PP♣P..P. #.........# #PPP..PP♣ #.........# #P♣P.P.PP #.........# #♣PP.PP.P

#.........# #.P....P.
#.........##############
#........†.†............
#....g....####....##...<
#∩...g.@..# ##.........
########### ##########


You could see a hobgoblin and a goblin.

Vanquished Creatures
  4 jackals (D:1)
  A bat (D:1)
5 creatures vanquished.

Notes
Turn   | Place    | Note
-------+----------+-------------------------------------------
     0 | D:1      | Ballisk the Minotaur Fighter began the quest for the Orb.
     0 | D:1      | Reached XP level 1. HP: 19/19 MP: 0/0
    39 | D:1      | Found Xeifue's Antique Weapon Shoppe.
   186 | D:1      | Succumbed to a goblin's poison

Illustrated notes

Levels and vault maps discovered:
D:1:      minmay_arrival_arboretum_small, layout_basic, serial_shops, shop

Action                   || total
-------------------------++-------
Melee: War axe           ||    16
Armor: Scale mail        ||    14
Dodge: Dodged            ||    12
Block: Kite shield       ||     9

Table legend: (Time is in decaauts)
 A = Elapsed time spent in this place.
 B = Non-inter-level travel time spent in this place.
 C = Inter-level travel time spent in this place.
 D = Time resting spent in this place.
 E = Time spent auto-exploring this place.
 F = Levels seen in this place.
 G = Mean time per level.
                   A        B        C        D        E       F      G
               +--------+--------+--------+--------+--------+-----+--------+
         Total |    196 |    192 |      4 |      0 |     81 |   1 |  196.0 |
       Dungeon |    196 |    192 |      4 |      0 |     81 |   1 |  196.0 |
               +--------+--------+--------+--------+--------+-----+--------+

Top non-repeatable levels by time:
     D:1: 196 daAuts
